 Dungeon Crawl Stone Soup version 0.29.1-15-g9cfb28693d (webtiles) character file.

Game seed: 7898291430243890120

1699 Arctor the Firebug (level 9, -12/48 HPs)
             Began as a Gargoyle Fire Elementalist on Feb 25, 2023.
             Was a Follower of Vehumet.
             Mangled by a two-headed ogre
             ... wielding a +0 giant club
              (27 damage)
             ... on level 7 of the Dungeon.
             The game lasted 00:13:54 (8681 turns).

Arctor the Firebug (Gargoyle Fire Elementalist)     Turns: 8681, Time: 00:13:54

Health: -12/48     AC:  8    Str: 12    XL:     9   Next: 3%
Magic:  10/18      EV: 12    Int: 20    God:    Vehumet [*.....]
Gold:   206        SH:  0    Dex: 10    Spells: 13/20 levels left

rFire   + . .      SeeInvis +   m - staff of fire
rCold   . . .      Faith    .   (no shield)
rNeg    + . .      Spirit   .   a - +0 robe
rPois   ∞          Reflect  .   (no helmet)
rElec   +          Harm     .   (no cloak)
rCorr   +          Rampage  .   (no gloves)
Will    .....                   (no boots)
Stlth   ++........              (no amulet)
HPRegen 0.16/turn               g - ring of resist corrosion
MPRegen 0.16/turn               k - ring of see invisible

@: no status effects
A: sickness immunity, AC +6, negative energy resistance 1, electricity
resistance, torment resistance 1, petrification resistance
a: Renounce Religion


You were on level 7 of the Dungeon.
You worshipped Vehumet.
Vehumet was aware of your devotion.
You visited 2 branches of the dungeon, and saw 8 of its levels.

You collected 206 gold pieces.

Inventory:

Hand Weapons
 f - a +1 dagger of electrocution
Missiles
 x - 6 boomerangs
Armour
 a - a +0 robe (worn)
Magical Staves
 m - a staff of fire (weapon)
Jewellery
 g - a ring of resist corrosion (left hand)
 k - a ring of see invisible (right hand)
 w - a ring of wizardry
Wands
 b - a wand of quicksilver (14)
 p - a wand of paralysis (5)
Scrolls
 d - 2 scrolls of butterflies
 e - 2 scrolls of noise
 h - 3 scrolls of teleportation
 i - a scroll of fear
 j - 4 scrolls of blinking
 o - 2 scrolls of identify
 v - 2 scrolls of summoning
 y - a scroll of poison
Potions
 c - 3 potions of invisibility {unknown}
 l - 5 potions of curing {unknown}
 n - 2 potions of heal wounds {unknown}
 q - 2 potions of might
 r - 4 potions of mutation {unknown}
 s - 3 potions of flight {unknown}
 t - a potion of degeneration {unknown}
 u - 2 potions of cancellation {unknown}
 z - a potion of lignification {unknown}
 A - a potion of haste {unknown}


   Skills:
 - Level 2.0 Fighting
 - Level 1.6 Staves
 - Level 3.1 Dodging
 - Level 4.3 Stealth
 + Level 6.2 Spellcasting
 - Level 3.7 Conjurations
 + Level 7.1 Fire Magic


You had 13 spell levels left.
You knew the following spells:

 Your Spells              Type           Power      Damage    Failure   Level
a - Foxfire               Conj/Fire      100%       2x1d9     1%          1
b - Flame Wave            Conj/Fire      41%        2d11      11%         4
c - Scorch                Fire           100%       2d10      1%          2

Your spell library contained the following spells:

 Spells                   Type           Power      Damage    Failure   Level
 Freeze                   Ice            24%        1d5       11%         1
 Magic Dart               Conj           84%        1d7       2%          1
 Conjure Flame            Conj/Fire      41%        6-21      3%          3
 Shock                    Conj/Air       52%        1d6       4%          1
 Inner Flame              Hex/Fire       30%        N/A       7%          3
 Necrotise                Necr           24%        1d5       11%         1
 Summon Small Mammal      Summ           24%        N/A       11%         1
 Call Imp                 Summ           6%         N/A       16%         2
 Mephitic Cloud           Conj/Pois/Air  11%        N/A       19%         3
 Call Canine Familiar     Summ           6%         N/A       30%         3
 Frozen Ramparts          Ice            12%        1d2       30%         3
 Ozocubu's Armour         Ice            6%         N/A       30%         3
 Portal Projectile        Hex/Tloc       12%        N/A       30%         3
 Summon Guardian Golem    Hex/Summ       6%         N/A       30%         3
 Swiftness                Air            6%         N/A       30%         3
 Tukima's Dance           Hex            6%         N/A       30%         3
 Vampiric Draining        Necr           6%         2d6       30%         3
 Airstrike                Air            3%         2d(1-17)  71%         4
 Ice Form                 Ice/Tmut       6%         N/A       71%         4
 Petrify                  Tmut/Erth      6%         N/A       71%         4
 Summon Ice Beast         Ice/Summ       6%         N/A       71%         4
 Irradiate                Conj/Tmut      6%         3d13      80%         5
 Agony                    Necr           6%         N/A       96%         5
 Blade Hands              Tmut           3%         N/A       96%         5
 Orb of Destruction       Conj           10%        9d6       100%        7
 Ozocubu's Refrigeration  Ice            3%         4d8       100%        7
 Spellforged Servitor     Conj/Summ      6%         N/A       100%        7
 Chain Lightning          Conj/Air       6%         3d8       100%        9
 Fire Storm               Conj/Fire      20%        8d5       100%        9
 Shatter                  Erth           3%         3d7*      100%        9
 Sublimation of Blood     Necr           Unusable   N/A       N/A         2

Dungeon Overview and Level Annotations

Branches:
Dungeon (7/15)             Temple (1/1) D:4

Altars:
Ashenzari
Cheibriados
Dithmenos
Elyvilon
Fedhas
Gozag
Hepliaklqana
Nemelex Xobeh
Qazlal
Ru
Sif Muna
Trog
Uskayaw
Vehumet
Wu Jian
Xom
Yredelemnul
Zin
The Shining One

Annotations:
D:5 3 runed translucent doors, Arctor's ghost, amateur MiFi
D:7 2 transporters, Jingleheimer's ghost, novice VSFi


Innate Abilities, Weirdness & Mutations

You are immune to sickness and miasma.
Your stone body is resilient. (AC +6)
You are immune to poison.
You resist negative energy. (rN+)
You are resistant to electric shocks. (rElec)
You are resistant to unholy torment.
You are immune to petrification.


Message History

You feel a surge of power!
You conjure some foxfire!
The foxfire hits the two-headed ogre!
The two-headed ogre is severely wounded.
The foxfire hits the two-headed ogre but does no damage.
The two-headed ogre is severely wounded.
Casting: Foxfire (safe; 1% risk of failure)
Confirm with . or Enter, or press ? or * to list all spells.
You feel a surge of power!
You conjure some foxfire!
The foxfire hits the two-headed ogre.
The two-headed ogre is severely wounded.
The foxfire hits the two-headed ogre.
The two-headed ogre is severely wounded.
Casting: Foxfire (safe; 1% risk of failure)
Confirm with . or Enter, or press ? or * to list all spells.
You feel a surge of power!
You conjure some foxfire!
The foxfire hits the two-headed ogre.
The two-headed ogre is almost dead.
The foxfire hits the two-headed ogre.
The two-headed ogre is almost dead.
The foxfire hits the two-headed ogre but does no damage.
The two-headed ogre is almost dead.
Casting: Foxfire (safe; 1% risk of failure)
Confirm with . or Enter, or press ? or * to list all spells.
You feel a surge of power!
You conjure some foxfire!
The foxfire hits the two-headed ogre but does no damage.
The two-headed ogre is almost dead.
Unknown command.
Unknown command.
Casting: Foxfire (safe; 1% risk of failure)
Confirm with . or Enter, or press ? or * to list all spells.
You feel a surge of power!
You conjure some foxfire!
The foxfire hits the two-headed ogre.
The two-headed ogre is almost dead.
The foxfire hits the two-headed ogre.
The two-headed ogre is almost dead.
The two-headed ogre hits you with a +0 giant club!!
Ouch! That really hurt!
The two-headed ogre hits you with a +0 giant club!!
Ouch! That really hurt!
You die...

#........##..........#WO..$=
#...##..##.##....##.#######
#...#.##<......##......©.
###.#....................
##.<......##........# ..
#.....##...........##...
#..##.........##.......#
#####.v....#.##........#
##.@O..#..........##
##.v..#..........#
###......#.......#
......#.......#
...........#.##
...##.....#### ...# .$###
..## ...#


You could see a two-headed ogre (ally target).

Vanquished Creatures
  2 water moccasins
  A black bear (D:3)
  An ice beast (D:6)
  2 ogres
  A sky beast (D:7)
  A kobold brigand (D:6)
  3 scorpions
  2 bullfrogs
  A howler monkey (D:6)
  An orc priest (D:3)
  6 hounds
  A jelly (D:5)
  Ijyb (D:3)
  3 iguanas
  2 orc wizards (D:2)
  10 adders
  4 gnolls (D:4)
  A shadow imp (D:7)
  2 white imps
  3 worms
  A dart slug (D:2)
  9 orcs
  7 ball pythons
  6 bats
  8 endoplasms
  5 giant cockroaches
  2 goblins
  6 hobgoblins
  2 quokkas (D:2)
  2 frilled lizards (D:2)
  8 kobolds
  6 rats
110 creatures vanquished.

Vanquished Creatures (others)
  459 foxfires
459 creatures vanquished.

Grand Total: 569 creatures vanquished

Notes
Turn   | Place    | Note
-------+----------+-------------------------------------------
     0 | D:1      | Arctor the Gargoyle Fire Elementalist began the quest for
                  | the Orb.
     0 | D:1      | Reached XP level 1. HP: 10/10 MP: 3/3
   303 | D:1      | Found a faded altar of an unknown god.
   318 | D:1      | Reached XP level 2. HP: 9/15 MP: 0/5
  1238 | D:2      | Reached XP level 3. HP: 19/19 MP: 4/6
  1502 | D:2      | Found a basalt altar of Yredelemnul.
  2354 | D:2      | Reached XP level 4. HP: 7/24 MP: 5/7
  2916 | D:3      | Reached XP level 5. HP: 26/28 MP: 1/9
  3115 | D:3      | Noticed a black bear
  3127 | D:3      | Killed a black bear
  3128 | D:3      | Reached XP level 6. HP: 22/32 MP: 0/10
  3265 | D:3      | Learned a level 4 spell: Flame Wave
  3268 | D:3      | Learned a level 2 spell: Scorch
  3603 | D:3      | Reached skill level 4 in Fire Magic
  4271 | D:3      | Noticed Ijyb
  4291 | D:3      | Paralysed by Ijyb for 3 turns
  4296 | D:3      | Paralysed by Ijyb for 5 turns
  4302 | D:3      | Killed Ijyb
  4303 | D:3      | Reached skill level 1 in Fighting
  4659 | D:4      | Reached skill level 1 in Staves
  4659 | D:4      | Reached XP level 7. HP: 29/38 MP: 0/12
  5331 | D:4      | Found a staircase to the Ecumenical Temple.
  5374 | Temple   | Entered the Ecumenical Temple
  5575 | Temple   | Became a worshipper of Vehumet
  6285 | D:5      | Entered Level 5 of the Dungeon
  6294 | D:5      | Reached skill level 5 in Fire Magic
  6294 | D:5      | Reached XP level 8. HP: 21/44 MP: 2/14
  6943 | D:5      | Found a runed translucent gate.
  6943 | D:5      | Found a runed translucent gate.
  6943 | D:5      | Found a runed translucent gate.
  6945 | D:5      | Noticed a troll
  6947 | D:5      | Noticed Arctor's ghost (amateur MiFi)
  7175 | D:6      | Reached skill level 5 in Spellcasting
  7175 | D:6      | Reached skill level 6 in Fire Magic
  7278 | D:6      | Reached * piety under Vehumet
  7278 | D:6      | Offered knowledge of Freeze by Vehumet.
  7684 | D:6      | You fall into a shaft and drop 1 floor!
  7788 | D:7      | Noticed a two-headed ogre
  7832 | D:7      | Found a transporter.
  7833 | D:7      | Found a transporter.
  7834 | D:7      | Noticed Jingleheimer's ghost (novice VSFi)
  8354 | D:6      | Noticed a two-headed ogre
  8567 | D:7      | Noticed a troll
  8575 | D:7      | Reached skill level 7 in Fire Magic
  8575 | D:7      | Reached XP level 9. HP: 46/48 MP: 7/18
  8681 | D:7      | Mangled by a two-headed ogre

Illustrated notes

Levels and vault maps discovered:
D:1:      minmay_arrival_up_and_down, layout_rooms, basic_ecumenical_altar
D:2:      layout_basic, basic_altar
D:3:      layout_basic, nrook_uturn, hangedman_decor_diamond_cutter,
          kennysheep_crisscross, uniq_ijyb
D:4:      layout_loops_ring, minmay_temple_entry_arrows
D:5:      layout_rooms, gammafunk_ghost_split
D:6:      layout_loops_ring
D:7:      layout_cave_pools, gammafunk_ghost_smash
Temple:   nicolae_temple_bog_church

Skill      XL: |  1  2  3  4  5  6  7  8 |
---------------+-------------------------+-----
Dodging        | 2 3 |  3.1
Conjurations   | 2 3 |  3.7
Stealth        | 3 4 |  4.3
Spellcasting   | 3 4 6 |  6.2
Fire Magic     | 4 5 7 |  7.1
Fighting       | 1 2 |  2.0
Staves         | 1 |  1.6

Action                   |  1- 3 |  4- 6 |  7- 9 || total
-------------------------+-------+-------+-------++-------
Melee: Unarmed           |     6 |       |       ||     6
       Dagger            |    85 |     5 |     6 ||    96
       Staff             |       |    25 |    36 ||    61
       Punch             |       |       |     1 ||     1
 Cast: Foxfire           |    29 |    95 |   172 ||   296
       Scorch            |       |     4 |     7 ||    11
       Flame Wave        |       |       |     2 ||     2
  Use: Scroll            |     2 |     1 |     7 ||    10
       Potion            |     1 |       |     2 ||     3
 Stab: Sleeping          |     1 |       |       ||     1
Armor: Robe              |    35 |    21 |    44 ||   100
Dodge: Dodged            |    71 |    39 |    84 ||   194
